 Dungeon Crawl Stone Soup version 0.13.0-29-gdb529de (webtiles) character file.

679 MackTheKnife the Archer (level 7, -1/44 HPs)
             Began as a High Elf Hunter on Nov 5, 2013.
             Slain by a gnoll
             ... wielding a +1,+2 spear
              (10 damage)
             ... on Level 3 of the Dungeon.
             The game lasted 00:08:12 (3851 turns).

MackTheKnife the Archer (High Elf Hunter)           Turns: 3851, Time: 00:08:13

HP  -1/44        AC  4     Str 11      XL: 7   Next: 11%
MP  11/11        EV 11     Int 19      God:
Gold 111         SH  0     Dex 18      Spells:  0 memorised,  6 levels left

Res.Fire  : . . .   See Invis. : .   a - +0,+1 elf short sword
Res.Cold  : . . .   Warding    : .   d - +0 elf leather armour (curse)
Life Prot.: . . .   Conserve   : .   (no shield)
Res.Poison: .       Res.Corr.  : .   (no helmet)
Res.Elec. : .       Clarity    : .   i - +0 cloak
Sust.Abil.: . .     Spirit.Shd : .   (no gloves)
Res.Mut.  : .       Stasis     : .   (no boots)
Res.Rott. : .       Flight     : .   (no amulet)
Saprovore : . . .                    (no ring)
                                     z - +4 ring of intelligence

@: slightly resistant to hostile enchantments, fairly stealthy
A: no striking features
a: no special abilities


You were on level 3 of the Dungeon.
You were not hungry.

You visited 1 branch of the dungeon, and saw 3 of its levels.

You collected 91 gold pieces.


   Skills:
 - Level 1.0 Fighting
 + Level 11.1 Bows
 - Level 2.1 Dodging
 - Level 1.1 Stealth


You had 6 spell levels left.
You didn't know any spells.

Inventory:

Hand weapons
 a - a +0,+1 elven short sword (weapon)
 b - a +1,+2 elven bow
Armour
 d - a cursed +0 elven leather armour (worn)
 i - a +0 cloak (worn)
Comestibles
 f - a bread ration
 j - 2 pears
 m - 3 chunks of gnoll flesh {@*1}
 n - a meat ration
 p - a cheese
Scrolls
 e - 3 scrolls of identify
 h - a scroll of amnesia
 l - a scroll of recharging {unknown}
Jewellery
 z - a +4 ring of intelligence (left hand)
Potions
 k - a potion of might {unknown}
 o - a potion of porridge {unknown}
 r - 2 potions of poison {unknown}
 t - a potion of heal wounds {unknown}
 v - a potion of speed {unknown}
 w - a potion of curing {unknown}
 x - a potion of brilliance {unknown}

▒·▒ ▒····· ▒▒▒▒▒▒▒▒▒▒▒·▒ ▒·▒▒▒▒
·········▒▒·▒▒ ▒·▒ ▒▒
····▒▒▒▒·▒···▒▒▒▒▒▒▒▒▒ ▒·▒ ▒·
··▒················<·▒ ▒·▒ ▒·
·····▒▒▒·▒···▒▒▒▒▒▒▒%▒ ▒·▒ ▒·
··▒·▒▒▒▒·▒▒·▒▒▒ ▒·▒ ▒·▒▒▒·
·········▒▒···▒▒▒▒▒▒·▒▒▒▒▒▒▒·····
··············g·e················
≈≈≈≈≈≈≈≈≈≈≈≈····≈≈≈≈≈≈≈≈≈≈≈≈≈≈≈≈≈
≈≈≈≈≈≈≈≈≈≈≈≈····≈≈≈≈≈≈≈≈≈≈≈≈≈≈≈≈≈
≈≈≈≈≈≈≈≈≈≈≈≈····≈≈≈≈≈≈≈)≈≈≈≈▒▒▒▒▒
··················)····%····▒···▒
▒▒▒▒▒▒▒▒▒▒▒▒''''▒▒▒▒▒▒▒▒▒▒▒▒▒···▒
····#···g#·········?·▒'▒▒▒
····'····'···g·······'·▒·≈
···#····#···········▒·▒·≈


You could see 2 gnolls.


Message History

The gnoll is lightly wounded.
The gnoll hits you with a halberd!
* * * LOW HITPOINT WARNING * * *
You closely miss the gnoll.
The gnoll is lightly wounded.
The gnoll closely misses you. The gnoll closely misses you.
The gnoll throws a spear.
The spear misses you.
There is an open door here.
You see here a spear.
There is an open door here.
You see here a spear.
The gnoll picks up a spear.
Things that are here:
a club; a robe The gnoll throws a spear.
The spear misses you.
You see here a spear.
There is an open door here.
You close the door.
A gnoll opens the door.
The gnoll throws a spear.
The spear misses you.
You see here a spear.
There is an open door here.
Which direction?
You close the huge gate.
The gnoll picks up a spear.
You open the huge gate.
There is a huge open gate here.
The gnoll shouts!
The gnoll hits you from afar with a spear!
You die...

Action                   |  1- 3 |  4- 6 |  7- 9 || total
-------------------------+-------+-------+-------++-------
Melee: Short sword       |   151 |    90 |     2 ||   243
 Fire: Bow               |    34 |   151 |    14 ||   199
  Use: Scroll            |       |    12 |       ||    12

Vault maps used:
D:1:      dpeg_chamrin_entry_tetris
D:2:      infiniplex_staircase_star, old_standard_altar
D:3:      lemuel_castle_with_subvaults, uniq_grinder, uniq_crazy_yiuf_cottage,
          uniq_iyjb

Notes
Turn   | Place    | Note
--------------------------------------------------------------
     0 | D:1      | MackTheKnife, the High Elf Hunter, began the quest for the Orb.
     0 | D:1      | Reached XP level 1. HP: 14/14 MP: 1/1
   462 | D:1      | Reached XP level 2. HP: 19/19 MP: 2/2
   568 | D:1      | Reached skill level 6 in Bows
  1477 | D:2      | Reached XP level 3. HP: 24/24 MP: 4/4
  1614 | D:2      | Found a bloodstained altar of Trog.
  1947 | D:2      | Reached skill level 7 in Bows
  2499 | D:2      | Reached XP level 4. HP: 24/29 MP: 6/6
  2745 | D:3      | Noticed Ijyb
  2750 | D:3      | Reached skill level 8 in Bows
  2766 | D:3      | Killed Ijyb
  2967 | D:3      | Reached XP level 5. HP: 34/34 MP: 7/7
  2984 | D:3      | Noticed Crazy Yiuf
  2991 | D:3      | Killed Crazy Yiuf
  3107 | D:3      | Reached skill level 9 in Bows
  3637 | D:3      | Reached XP level 6. HP: 36/39 MP: 9/9
  3681 | D:3      | Reached skill level 10 in Bows
  3800 | D:3      | Reached XP level 7. HP: 14/44 MP: 11/11
  3805 | D:3      | Reached skill level 11 in Bows
  3851 | D:3      | Slain by a gnoll

Vanquished Creatures
  A gnoll sergeant (D:3)
  Crazy Yiuf (D:3)
  2 gnoll shamans (D:3)
  Ijyb (D:3)
  27 gnolls (D:3)
  4 adders
  2 giant mites (D:3)
  2 oozes
  A ball python (D:2)
  8 bats
  4 giant cockroaches
  8 goblins
  8 hobgoblins
  18 jackals
  2 giant newts (D:2)
  8 kobolds
  2 quokkas
  9 rats
  A plant (D:3)
109 creatures vanquished.
